 Dungeon Crawl Stone Soup version 0.28.0-43-g3370ac3207 (webtiles) character file.

Game seed: 12359675785268568963

4138 Ablot the Magician (level 10, -3/77 HPs)
             Began as a Gnoll Warper on Mar 4, 2022.
             Was a Believer of Okawaru.
             Slain by a wyvern (5 damage)
             ... on level 9 of the Dungeon.
             The game lasted 00:18:47 (10247 turns).

Ablot the Magician (Gnoll Warper)                  Turns: 10247, Time: 00:18:47

Health: -3/77      AC:  9    Str: 14    XL:     10   Next: 27%
Magic:  20/20      EV: 14    Int: 12    God:    Okawaru [**....]
Gold:   321        SH:  0    Dex: 13    Spells: 21/23 levels left

rFire   . . .      SeeInvis .   a - +3 spear (venom)
rCold   . . .      Faith    .   (no shield)
rNeg    . . .      Spirit   .   b - +0 leather armour {Will+}
rPois   .          Reflect  .   q - +0 helmet
rElec   .          Harm     .   (no cloak)
rCorr   .          Rampage  .   (no gloves)
Will    ++...                   o - +1 pair of boots
Stlth   +++.......              (no amulet)
HPRegen 0.22/turn               E - ring of willpower
MPRegen 0.17/turn               (no ring)

@: no status effects
A: fangs 1, strong nose, distributed training, iridescent scales 1, wild magic 1
a: Renounce Religion, Heroism


You were on level 9 of the Dungeon.
You worshipped Okawaru.
Okawaru was pleased with you.
You visited 2 branches of the dungeon, and saw 10 of its levels.

You collected 321 gold pieces.

Inventory:

Hand Weapons
 a - a +3 spear of venom (weapon)
 d - a +0 demon whip
 f - a +0 fustibalus
 w - a +3 short sword of holy wrath
Missiles
 j - 272 stones
 k - 6 boomerangs
 s - 165 arrows
 x - 6 javelins
 y - 5 boomerangs of dispersal
 B - 4 silver boomerangs
 F - 16 bolts
 G - 46 sling bullets
 I - 20 poisoned darts (quivered)
Armour
 b - a +0 leather armour of willpower (worn)
 o - a +1 pair of boots (worn)
 q - a +0 helmet (worn)
Magical Staves
 r - a staff of earth
Jewellery
 E - a ring of willpower (left hand)
Wands
 u - a wand of digging (6)
 J - a wand of flame (15)
Scrolls
 c - a scroll of blinking
 e - 7 scrolls of identify {unknown}
 g - 2 scrolls of magic mapping {unknown}
 h - a scroll of enchant armour {unknown}
 i - 2 scrolls of fear {unknown}
 n - 2 scrolls of amnesia {unknown}
 t - a scroll of fog {unknown}
 v - a scroll of teleportation {unknown}
 D - a scroll of vulnerability {unknown}
 H - a scroll of acquirement {unknown}
Potions
 l - a potion of mutation
 m - 2 potions of brilliance {unknown}
 p - 2 potions of attraction {unknown}
 z - a potion of might {unknown}
 A - 2 potions of curing {unknown}
 C - a potion of ambrosia {unknown}


   Skills:
 + Level 6.9 Fighting
 + Level 5.1 Short Blades
 + Level 5.1 Long Blades
 + Level 5.1 Axes
 + Level 5.1 Maces & Flails
 + Level 6.9 Polearms
 + Level 5.1 Staves
 + Level 5.1 Slings
 + Level 5.1 Bows
 + Level 5.1 Crossbows
 + Level 5.8 Throwing
 + Level 5.8 Armour
 + Level 6.9 Dodging
 + Level 5.1 Stealth
 + Level 5.1 Shields
 + Level 5.1 Unarmed Combat
 + Level 7.2 Spellcasting
 + Level 4.2 Conjurations
 + Level 4.2 Hexes
 + Level 4.2 Summonings
 + Level 4.2 Necromancy
 + Level 7.0 Translocations
 + Level 4.2 Transmutations
 + Level 4.2 Fire Magic
 + Level 4.2 Ice Magic
 + Level 4.2 Air Magic
 + Level 4.2 Earth Magic
 + Level 4.2 Poison Magic
 + Level 5.6 Invocations
 + Level 5.1 Evocations


You had 21 spell levels left.
You knew the following spells:

 Your Spells              Type           Power      Damage    Failure   Level
a - Blink                 Tloc           54%        N/A       3%          2

Your spell library contained the following spells:

 Spells                   Type           Power      Damage    Failure   Level
 Gell's Gravitas          Tloc           27%        N/A       5%          3
 Lesser Beckoning         Tloc           27%        N/A       5%          3
 Teleport Other           Tloc           27%        N/A       5%          3
 Pain                     Necr           72%        1d7       6%          1
 Vampiric Draining        Necr           18%        2d7       16%         3
 Manifold Assault         Tloc           27%        N/A       38%         5
 Animate Skeleton         Necr           Unusable   N/A       N/A         1

Dungeon Overview and Level Annotations

Branches:
Dungeon (9/15)             Temple (1/1) D:6
   Lair: D:8-11         Orc: D:9-12

Altars:
Ashenzari
Cheibriados
Dithmenos
Elyvilon
Fedhas
Gozag
Hepliaklqana
Kikubaaqudgha
Makhleb
Nemelex Xobeh
Okawaru
Qazlal
Ru
Sif Muna
Trog
Uskayaw
Vehumet
Xom
Yredelemnul
The Shining One

Shops:
D:3 [   D:7 [

Annotations:
D:4 exclusion: oklob plant


Innate Abilities, Weirdness & Mutations

You have very sharp teeth.
Your uncanny sense of smell can sniff out nearby items.
Your experience applies equally to all skills.
You are partially covered in iridescent scales. (AC +2)
Your spells are a little harder to cast, but a little more powerful.


Message History

The kobold shouts! x2
You hit the centaur.
You punch the centaur, but do no damage.
The centaur is heavily wounded.
The centaur closely misses you.
The centaur kicks you but does no damage.
Unknown command.
You hit the centaur.
The centaur is poisoned.
The centaur is severely wounded.
The orc warrior hits you with a +4 dire flail!
The centaur closely misses you. The centaur kicks you.
Unknown command.
You hit the centaur.
The centaur looks as sick as possible!
The centaur is severely wounded.
The centaur hits you but does no damage.
The centaur kicks you but does no damage.
The orc warrior hits you with a +4 dire flail!
Unknown command.
You puncture the orc warrior!
You kill the orc warrior!
Okawaru accepts your kill. The centaur hits you.
* * * LOW HITPOINT WARNING * * *
The centaur barely misses you.
A troll comes into view.
The orc wizard casts a spell.
The orc wizard flickers and vanishes!
Deactivating autopickup; reactivate with Ctrl-A.
The centaur wields a +0 shortbow.
The centaur shoots an arrow.
The arrow hits you but does no damage.
The wyvern hisses menacingly.
The wyvern barely misses you.
The centaur shoots an arrow.
The arrow hits you!
* * * LOW HITPOINT WARNING * * *
The centaur shoots an arrow.
The arrow hits you!
* * * LOW HITPOINT WARNING * * *
It was a potion of mutation.
You feel extremely strange.
Iridescent scales grow over part of your body.
You feel less in control of your magic. The wyvern bites you.
You die...

..$ ..... .# #.#
#.#.#.#.#
.......>...#
#.#.#K#.#.# .
.K.{K....# #.#
#K#c#.#.#
#...##.!K...#
#....l....#
#...##..@.#####.
##. #..<.......
#..............
#######........
#######.. .


You could see a wyvern, a centaur (very poisoned) and 5 kobolds.

Vanquished Creatures
  A wyvern (D:8)
  4 yaks (D:7)
  4 orc warriors
  A sky beast (D:7)
  A necrophage (D:6)
  3 black bears
  5 ogres
  A hornet zombie (D:7)
  2 ice beasts
  2 centaurs (D:8)
  A phantom (D:6)
  2 kobold brigands (D:8)
  A gnoll sergeant (D:5)
  A wyvern zombie (D:8)
  3 scorpions
  A wyvern skeleton (D:7)
  8 wights
  A howler monkey (D:8)
  A bullfrog zombie (D:6)
  A jelly (D:6)
  4 hounds
  A gnoll shaman (D:4)
  3 orc priests
  A centaur skeleton (D:5)
  Ijyb (D:5)
  4 iguanas
  4 orc wizards
  2 howler monkey zombies
  11 gnolls
  A howler monkey skeleton (D:7)
  An adder (D:4)
  3 white imps
  An adder skeleton (D:4)
  2 worms
  18 orcs
  4 endoplasms
  2 giant cockroaches
  9 goblins
  3 hobgoblins
  4 quokkas
  2 ball pythons (D:1)
  6 bats
  A frilled lizard (D:1)
  15 kobolds
  4 rats
151 creatures vanquished.

Vanquished Creatures (others)
  A plant (D:4)
1 creature vanquished.

Grand Total: 152 creatures vanquished

Notes
Turn   | Place    | Note
-------+----------+-------------------------------------------
     0 | D:1      | Ablot the Gnoll Warper began the quest for the Orb.
     0 | D:1      | Reached XP level 1. HP: 20/20 MP: 6/6
   348 | D:1      | Reached XP level 2. HP: 26/26 MP: 7/7
   363 | D:1      | Learned a level 2 spell: Blink
  1071 | D:2      | Reached XP level 3. HP: 31/31 MP: 9/9
  1093 | D:2      | Reached skill level 5 in Spellcasting
  1231 | D:2      | You fall into a shaft and drop 1 floor!
  1267 | D:3      | Found a faded altar of an unknown god.
  1278 | D:3      | Found a basalt altar of Yredelemnul.
  1300 | D:3      | Reached skill level 1 in Short Blades
  1300 | D:3      | Reached skill level 1 in Long Blades
  1300 | D:3      | Reached skill level 1 in Axes
  1300 | D:3      | Reached skill level 1 in Maces & Flails
  1300 | D:3      | Reached skill level 1 in Staves
  1300 | D:3      | Reached skill level 1 in Slings
  1300 | D:3      | Reached skill level 1 in Bows
  1300 | D:3      | Reached skill level 1 in Crossbows
  1300 | D:3      | Reached skill level 1 in Stealth
  1300 | D:3      | Reached skill level 1 in Shields
  1300 | D:3      | Reached skill level 1 in Unarmed Combat
  1300 | D:3      | Reached skill level 1 in Invocations
  1300 | D:3      | Reached skill level 1 in Evocations
  1300 | D:3      | Reached XP level 4. HP: 35/38 MP: 11/11
  1394 | D:3      | Found Owafoed's Antique Armour Shoppe.
  1987 | D:4      | Noticed an ogre
  2004 | D:3      | Reached skill level 1 in Conjurations
  2004 | D:3      | Reached skill level 1 in Hexes
  2004 | D:3      | Reached skill level 1 in Summonings
  2004 | D:3      | Reached skill level 1 in Necromancy
  2004 | D:3      | Reached skill level 1 in Transmutations
  2004 | D:3      | Reached skill level 1 in Fire Magic
  2004 | D:3      | Reached skill level 1 in Ice Magic
  2004 | D:3      | Reached skill level 1 in Air Magic
  2004 | D:3      | Reached skill level 1 in Earth Magic
  2004 | D:3      | Reached skill level 1 in Poison Magic
  2019 | D:3      | Reached XP level 5. HP: 30/43 MP: 6/12
  2033 | D:3      | Killed an ogre
  2124 | D:4      | Reached XP level 6. HP: 24/50 MP: 13/13
  2571 | D:4      | Reached skill level 5 in Fighting
  2571 | D:4      | Reached skill level 5 in Polearms
  2571 | D:4      | Reached skill level 5 in Dodging
  2724 | D:4      | Reached XP level 7. HP: 56/56 MP: 15/15
  3020 | D:4      | Found a blossoming altar of Fedhas.
  3040 | D:4      | Noticed an oklob plant
  3392 | D:5      | Entered Level 5 of the Dungeon
  3627 | D:5      | Noticed Ijyb
  3634 | D:5      | Killed Ijyb
  4031 | D:5      | Reached XP level 8. HP: 31/63 MP: 16/16
  5575 | D:6      | Found a shadowy altar of Dithmenos.
  5744 | D:6      | Found a staircase to the Ecumenical Temple.
  5754 | Temple   | Entered the Ecumenical Temple
  5821 | Temple   | Became a worshipper of Warmaster Okawaru
  5987 | D:6      | Found an ancient bone altar of Kikubaaqudgha.
  6028 | D:6      | Found a broken altar of Ashenzari.
  6511 | D:6      | Reached XP level 9. HP: 43/69 MP: 18/18
  7184 | D:7      | Found a shimmering blue altar of Sif Muna.
  7283 | D:7      | Reached * piety under Okawaru
  7537 | D:7      | Reached skill level 5 in Throwing
  7537 | D:7      | Reached skill level 5 in Armour
  7793 | D:7      | Found a white marble altar of Elyvilon.
  7896 | D:7      | Reached skill level 5 in Invocations
  7901 | D:7      | Reached ** piety under Okawaru
  8403 | D:7      | Found Osisch's Antique Armour Boutique.
  9137 | D:8      | Reached XP level 10. HP: 65/74 MP: 20/20
  9549 | D:8      | Reached skill level 5 in Short Blades
  9549 | D:8      | Reached skill level 5 in Long Blades
  9549 | D:8      | Reached skill level 5 in Axes
  9549 | D:8      | Reached skill level 5 in Maces & Flails
  9549 | D:8      | Reached skill level 5 in Staves
  9549 | D:8      | Reached skill level 5 in Slings
  9549 | D:8      | Reached skill level 5 in Bows
  9549 | D:8      | Reached skill level 5 in Crossbows
  9549 | D:8      | Reached skill level 5 in Stealth
  9549 | D:8      | Reached skill level 5 in Shields
  9549 | D:8      | Reached skill level 5 in Unarmed Combat
  9549 | D:8      | Reached skill level 5 in Evocations
  9812 | D:8      | Found a radiant altar of Vehumet.
 10246 | D:9      | HP: 1/77 [centaur/arrow (7)]
 10247 | D:9      | Gained mutation: You are partially covered in iridescent
                  | scales. (AC +2) [potion of mutation]
 10247 | D:9      | Gained mutation: Your spells are a little harder to cast,
                  | but a little more powerful. [potion of mutation]
 10247 | D:9      | Slain by a wyvern

Illustrated notes

Levels and vault maps discovered:
D:1:      dpeg_arrival_rhombus, layout_basic
D:2:      layout_basic
D:3:      layout_loops_ring, nicolae_overflow_ecumenical_swirl, serial_shops,
          shop_statue
D:4:      layout_loops_ring, tgw_fedhas, minmay_surrounded
D:5:      layout_loops_ring, guppyfry_early_orc_mine, uniq_ijyb
D:6:      layout_cave_pools, nicolae_dithmenos_the_darkroom, minitemple,
          minmay_temple_entry_ruins, kennysheep_small_circle
D:7:      layout_loops_ring, mainiacjoe_overflow_paths,
          nicolae_sif_muna_condensation, serial_shops, shop,
          roderic_serpentine_path, grunt_ministairs_10, minmay_door_square,
          serial_bayou_pond_d
D:8:      layout_rooms, nicolae_vehumet_altar_sigil
D:9:      layout_loops_ring, kennysheep_orc_monster_closet_entryway,
          serial_shops, shop, st_stairs_11, minmay_increasing_density,
          uniq_gastronok
Temple:   nicolae_temple_x_marks_the_god

Skill      XL: |  1  2  3  4  5  6  7  8  9 10 |
---------------+-------------------------------+-----
Spellcasting   | 5 6 7 |  7.2
Short Blades   | 1 2 3 4 5 |  5.1
Long Blades    | 1 2 3 4 5 |  5.1
Axes           | 1 2 3 4 5 |  5.1
Maces & Flails | 1 2 3 4 5 |  5.1
Staves         | 1 2 3 4 5 |  5.1
Slings         | 1 2 3 4 5 |  5.1
Bows           | 1 2 3 4 5 |  5.1
Crossbows      | 1 2 3 4 5 |  5.1
Stealth        | 1 2 3 4 5 |  5.1
Shields        | 1 2 3 4 5 |  5.1
Unarmed Combat | 1 2 3 4 5 |  5.1
Invocations    | 1 2 3 4 5 |  5.6
Evocations     | 1 2 3 4 5 |  5.1
Conjurations   | 1 2 3 4 |  4.2
Hexes          | 1 2 3 4 |  4.2
Summonings     | 1 2 3 4 |  4.2
Necromancy     | 1 2 3 4 |  4.2
Transmutations | 1 2 3 4 |  4.2
Fire Magic     | 1 2 3 4 |  4.2
Ice Magic      | 1 2 3 4 |  4.2
Air Magic      | 1 2 3 4 |  4.2
Earth Magic    | 1 2 3 4 |  4.2
Poison Magic   | 1 2 3 4 |  4.2
Throwing       | 3 4 5 |  5.8
Armour         | 3 4 5 |  5.8
Fighting       | 5 6 |  6.9
Polearms       | 5 6 |  6.9
Dodging        | 5 6 |  6.9
Translocations | 6 7 |  7.0

Action                   |  1- 3 |  4- 6 |  7- 9 | 10-12 || total
-------------------------+-------+-------+-------+-------++-------
Melee: Spear             |    97 |    67 |   296 |   116 ||   576
       Bite              |     4 |     7 |    46 |    15 ||    72
       Punch             |     1 |     1 |     9 |     7 ||    18
       Demon whip        |       |       |    56 |    22 ||    78
       Dagger            |       |       |    15 |       ||    15
 Fire: Hunting sling     |       |       |    15 |       ||    15
Throw: Boomerang         |       |     3 |       |       ||     3
 Cast: Blink             |       |     3 |     3 |       ||     6
Invok: Heroism           |       |       |     1 |       ||     1
  Use: Potion            |       |       |       |     1 ||     1
 Stab: Sleeping          |     2 |     2 |     4 |     1 ||     9
       Distracted        |       |       |     1 |       ||     1
Armor: Leather armour    |    10 |     5 |    58 |    26 ||    99
Dodge: Dodged            |    41 |    31 |   138 |    81 ||   291
